cohdb
Replays
Latest Replays
All Replays
Popular Replays
Top Player Replays
Match Explorer
How It Works
Community
CoH3 Stats
Reddit
Sign in to upload your games and track your stats! →
Sign in with Steam
Match 43723347
Unlisted
Match 43723347
Overview
Messages
Build Orders
End
Panzergrenadier Squad
Kradschützen Motorcycle Team
Panzergrenadier Squad
Panzergrenadier Squad
Panzergrenadier Squad
Panzergrenadier Squad
Construct Light Support Kompanie
Fire Support Elements
Selects Italian Infantry
Selects Defensive Operations
Flakvierling Half-track
Pak 38 Mechanized Group
Selects Prepared Positions
2.5-tonne Medical Truck
Combat Half-tracks
Pak 38 Anti-tank Gun Team
MuniekPL
Papa Shango
Husar
SakAt
threestars
tillre
0
0
Comments
sign in to comment!
No comments posted yet!